 Dungeon Crawl Stone Soup version 0.29.0 (webtiles) character file.

Game seed: 16478907935265969435

249 samcosmo the Magician (level 5, 0/28 HPs)
             Began as a Deep Elf Earth Elementalist on Sept 10, 2022.
             Slain by a wraith (1 damage)
             ... in an ossuary.
             The game lasted 00:09:31 (3620 turns).

samcosmo the Magician (Deep Elf Earth Elementalist) Turns: 3620, Time: 00:09:32

Health: 0/28       AC:  4    Str:  5    XL:     5   Next: 87%
Magic:  1/15       EV: 12    Int: 22    God:
Gold:   116        SH:  0    Dex: 15    Spells: 9/15 levels left

rFire   . . .      SeeInvis .   g - +2 short sword (elec)
rCold   . . .      Faith    .   (no shield)
rNeg    . . .      Spirit   .   a - +0 robe
rPois   .          Reflect  .   (no helmet)
rElec   .          Harm     .   (no cloak)
rCorr   .          Rampage  .   m - +0 pair of gloves
Will    .....                   j - +0 pair of boots
Stlth   ++........              (no amulet)
HPRegen 0.09/turn               (no ring)
MPRegen 0.14/turn               (no ring)

@: very slightly contaminated, slowed, very slow
A: no striking features
a: no special abilities


You were in an ossuary.
You visited 1 branch of the dungeon, and saw 4 of its levels.
You also visited: Ossuary.

You collected 116 gold pieces.

Inventory:

Hand Weapons
 g - a +2 short sword of electrocution (weapon)
Armour
 a - a +0 robe (worn)
 j - a +0 pair of boots (worn)
 m - a +0 pair of gloves (worn)
Wands
 p - a wand of paralysis (3)
Scrolls
 h - a scroll of blinking {unknown}
 k - 2 scrolls of magic mapping {unknown}
 l - 2 scrolls of teleportation {unknown}
 n - 4 scrolls of identify {unknown}
 o - 2 scrolls of vulnerability {unknown}
 q - a scroll of enchant armour {unknown}
Potions
 b - a potion of magic
 c - 2 potions of ambrosia {unknown}
 d - a potion of curing
 e - 2 potions of degeneration {unknown}
 f - a potion of attraction {unknown}
 i - a potion of mutation {unknown}


   Skills:
 - Level 2.4 Dodging
 - Level 2.4 Stealth
 + Level 5.9 Spellcasting
 - Level 1.1 Transmutations
 * Level 5.8 Earth Magic


You had 9 spell levels left.
You knew the following spells:

 Your Spells              Type           Power      Damage    Failure   Level
a - Sandblast             Erth           64%        2d14      1%          1
b - Passwall              Tmut/Erth      17%        N/A       3%          2
c - Stone Arrow           Conj/Erth      38%        3d9       9%          3

Your spell library contained the following spells:

 Spells                   Type           Power      Damage    Failure   Level
 Petrify                  Tmut/Erth      21%        N/A       22%         4


Dungeon Overview and Level Annotations

Branches:
Dungeon (4/15)            Ossuary (1/1)
 Temple: D:4-7

Altars:
Elyvilon
Gozag

Annotations:
Ossuary exclusion: 3 doors


Message History

The spell is quite dangerous to miscast (9% risk of failure)!
Continue anyway?
Aiming: Stone Arrow (quite dangerous; 9% risk of failure)
Press: ? - help, Shift-Dir - straight line, f/p - wraith
Aim: a wraith (68% to hit)
The stone arrow hits the wraith!
The wraith is heavily damaged.
The wraith hits you but does no damage.
Casting: Stone Arrow (quite dangerous; 9% risk of failure)
Confirm with . or Enter, or press ? or * to list all spells.
The spell is quite dangerous to miscast (9% risk of failure)!
Continue anyway?
Aiming: Stone Arrow (quite dangerous; 9% risk of failure)
Press: ? - help, Shift-Dir - straight line, f/p - wraith
Aim: a wraith (heavily damaged, 68% to hit)
The stone arrow hits the wraith but does no damage.
The wraith is heavily damaged.
The wraith hits you! The wraith drains your vigour!
You feel yourself slow down.
Casting: Stone Arrow (quite dangerous; 9% risk of failure)
Confirm with . or Enter, or press ? or * to list all spells.
The spell is quite dangerous to miscast (9% risk of failure)!
Continue anyway?
Aiming: Stone Arrow (quite dangerous; 9% risk of failure)
Press: ? - help, Shift-Dir - straight line, f/p - wraith
Aim: a wraith (heavily damaged, 68% to hit)
The stone arrow hits the wraith!
The wraith is severely damaged.
The wraith hits you. The wraith drains your vigour!
You feel as though you will be slow longer.
Casting: Stone Arrow (quite dangerous; 9% risk of failure)
Confirm with . or Enter, or press ? or * to list all spells.
The spell is quite dangerous to miscast (9% risk of failure)!
Continue anyway?
Aiming: Stone Arrow (quite dangerous; 9% risk of failure)
Press: ? - help, Shift-Dir - straight line, f/p - wraith
Aim: a wraith (severely damaged, 68% to hit)
You miscast Stone Arrow.
You are very lightly contaminated with residual magic.
Nothing appears to happen.
The wraith hits you. The wraith barely misses you.
The wraith attacks as you move away! The wraith hits you!
* * * LOW HITPOINT WARNING * * *
The wraith hits you.
You die...

###########################
#.........................#
#.∩.....................∩.#
#.......#####+#####.......#
#......##..@W.....##......#
#.....##...##'##...##.....#
#....##...##...## .##....#
#....#...##..?..## #....#
#....'...#...!?!.# +....#
#....#...##.!...## #....#
#....##...##...##. ##....#
#.....##...#####...##.....#
#......##.... ..##......#


You could see a wraith.

Vanquished Creatures
  Terence (D:3)
  A mummy (Ossuary)
  4 gnolls (D:2)
  8 adders
  2 worms
  5 dart slugs
  An orc (D:3)
  7 ball pythons
  2 bats
  7 endoplasms
  2 giant cockroaches (D:1)
  6 goblins
  6 hobgoblins
  4 quokkas
  2 frilled lizards
  9 gnoll skeletons (Ossuary)
  7 kobolds
  7 kobold skeletons (Ossuary)
  9 orc skeletons (Ossuary)
  9 rats
99 creatures vanquished.

Notes
Turn   | Place    | Note
-------+----------+-------------------------------------------
     0 | D:1      | samcosmo the Deep Elf Earth Elementalist began the quest
                  | for the Orb.
     0 | D:1      | Reached XP level 1. HP: 10/10 MP: 6/6
   120 | D:1      | Reached XP level 2. HP: 10/15 MP: 4/8
   327 | D:1      | Found a faded altar of an unknown god.
   979 | D:1      | Reached XP level 3. HP: 19/19 MP: 8/10
  1564 | D:2      | Found a white marble altar of Elyvilon.
  1577 | D:2      | Reached XP level 4. HP: 24/24 MP: 10/12
  1748 | D:2      | Reached skill level 5 in Spellcasting
  1754 | D:2      | Learned a level 2 spell: Passwall
  1758 | D:2      | Learned a level 3 spell: Stone Arrow
  2098 | D:2      | Reached skill level 5 in Earth Magic
  2462 | D:3      | Reached XP level 5. HP: 22/28 MP: 9/14
  2613 | D:3      | Paralysed by a hobgoblin for 4 turns
  2879 | D:3      | Noticed Terence
  2886 | D:3      | Killed Terence
  3114 | D:3      | Found an opulent altar of Gozag.
  3307 | D:4      | Found a sand-covered staircase.
  3312 | Ossuary  | Entered an ossuary
  3312 | Ossuary  | Noticed a wraith
  3312 | Ossuary  | Noticed a wraith
  3312 | Ossuary  | Noticed a wraith
  3604 | Ossuary  | Noticed a wraith
  3620 | Ossuary  | HP: 1/28 [wraith (8)]
  3620 | Ossuary  | Slain by a wraith

Illustrated notes

Levels and vault maps discovered:
D:1:      scummos_arrival_forest, layout_basic,
          hellmonk_ecumenical_altar_leap_of_faith
D:2:      minmay_alternating_diamond, layout_loops_cross, basic_altar,
          hangedman_glass_teeth
D:3:      layout_basic, mainiacjoe_overflow_surrounded_room, uniq_terence
D:4:      layout_basic, amcnicky_altar_gilded, minmay_temple_entry_waves,
          enter_ossuary_2, corner_web_ring, minmay_manual_mail, uniq_duvessa,
          uniq_pikel
Ossuary:  ossuary_due_mausoleum

Skill      XL: |  1  2  3  4 |
---------------+-------------+-----
Spellcasting   | 4 5 |  5.9
Earth Magic    | 4 5 |  5.8
Dodging        | |  2.4
Stealth        | |  2.4
Transmutations | |  1.1

Action                   |  1- 3 |  4- 6 || total
-------------------------+-------+-------++-------
Melee: Short sword       |       |     3 ||     3
 Cast: Sandblast         |    50 |    86 ||   136
       Stone Arrow       |       |     8 ||     8
Armor: Robe              |     4 |     6 ||    10
Dodge: Dodged            |     5 |    21 ||    26
